 Dungeon Crawl Stone Soup version 0.31-a0-609-g7bf6ffcfed (webtiles) character file.

Game seed: 6656178618051097750

4019 Duck the Magician (level 10, -5/58 (68) HPs)
             Began as a Demonspawn Reaver on Aug 21, 2023.
             Was a Priest of Makhleb.
             Slain by a troll (7 damage)
             ... on level 8 of the Dungeon.
             The game lasted 00:23:59 (8639 turns).

Duck the Magician (Demonspawn Reaver)               Turns: 8639, Time: 00:23:59

HP:   -5/58 (68)    AC:  9    Str: 17    XL:     10   Next: 3%
MP:   20/21         EV: 12    Int: 17    God:    Makhleb [***...]
Gold: 330           SH:  0    Dex: 11    Spells: 17/24 levels left

rFire   . . .        J - +2 great sword
rCold   x . .        (shield currently unavailable)
rNeg    . . .        i - +1 robe of the Disturbing Songs {+Blink rC- Str+2 Archmagi}
rPois   .            r - +0 helmet
rElec   .            (no cloak)
rCorr   +            (no gloves)
SInv    .            y - +1 pair of boots
Will    .....        n - amulet of faith
Stlth   +            x - ring of resist corrosion
HPRegen 0.29/turn    (no ring)
MPRegen 0.17/turn

%: faith, archmagi
@: studying Invocations, heavily drained
A: molten scales 2, demonic guardian 2, demonic touch 2
a: Renounce Religion, Evoke Blink, Minor Destruction, Lesser Servant of Makhleb


You were on level 8 of the Dungeon.
You worshipped Makhleb.
Makhleb was most pleased with you.
You visited 1 branch of the dungeon, and saw 8 of its levels.

You collected 330 gold pieces.

Inventory:

Hand Weapons
 a - a +0 falchion
 h - a +1 heavy falchion
 J - a +2 great sword (weapon)
Armour
 i - the +1 robe of the Disturbing Songs (worn) {+Blink rC- Str+2 Archmagi}
   (You found it on level 6 of the Dungeon)

   Str+2:     It affects your strength (+2).
   rC-:       It makes you vulnerable to cold.
   +Blink:    It lets you blink.
   Archmagi:  It increases the power of your magical spells.
 l - a +0 ring mail
 r - a +0 helmet (worn)
 y - a +1 pair of boots (worn)
Jewellery
 n - an amulet of faith (around neck)
 x - a ring of resist corrosion (left hand)
 z - a ring of flight
 F - an amulet of magic regeneration
Wands
 m - a wand of polymorph (15)
 A - a wand of digging (4)
 K - a wand of roots (9)
Scrolls
 b - a scroll of brand weapon {unknown}
 g - a scroll of teleportation {unknown}
 j - 3 scrolls of vulnerability
 p - 2 scrolls of enchant weapon {unknown}
 q - a scroll of fear {unknown}
 s - 3 scrolls of fog {unknown}
 u - a scroll of noise {unknown}
 w - 2 scrolls of amnesia {unknown}
 D - a scroll of acquirement {unknown}
 E - a scroll of blinking
 G - a scroll of revelation {unknown}
 I - 2 scrolls of identify
Potions
 c - a potion of cancellation
 d - 4 potions of enlightenment
 e - 5 potions of mutation
 f - a potion of resistance {unknown}
 k - a potion of might
 o - 2 potions of haste
 t - a potion of ambrosia
 v - a potion of lignification
 B - a potion of brilliance {unknown}
 C - 3 potions of curing
 H - a potion of berserk rage {unknown}


   Skills:
 - Level 2.4 Fighting
 * Level 7.1 Long Blades
 - Level 5.2 Armour
 - Level 1.7 Dodging
 - Level 7.7 Spellcasting
 - Level 7.0 Conjurations
 - Level 3.3 Ice Magic


You had 17 spell levels left.
You knew the following spells:

 Your Spells              Type           Power      Damage    Failure   Level
a - Kiss of Death         Conj/Necr      100%       2d13      2%          1
b - Momentum Strike       Conj/Tloc      54%        3d9       3%          2
c - Freeze                Ice            100%       1d10      2%          1
d - Hailstorm             Conj/Ice       36%        3d9       3%          3

Your spell library contained the following spells:

 Spells                   Type           Power      Damage    Failure   Level
 Stone Arrow              Conj/Erth      54%        3d10      8%          3
 Frozen Ramparts          Ice            54%        1d9       9%          3
 Sandblast                Erth           18%        2d7       11%         1
 Summon Small Mammal      Summ           36%        N/A       11%         1
 Mephitic Cloud           Conj/Pois/Air  21%        N/A       12%         3
 Passwall                 Tmut/Erth      7%         N/A       16%         2
 Poisonous Vapours        Pois/Air       18%        N/A       16%         2
 Call Canine Familiar     Summ           9%         N/A       32%         3
 Summon Guardian Golem    Hex/Summ       9%         N/A       32%         3
 Tukima's Dance           Hex            9%         N/A       32%         3
 Freezing Cloud           Conj/Ice/Air   13%        6-21      58%         5
 Anguish                  Hex/Necr       4%         N/A       71%         4
 Cause Fear               Hex            4%         N/A       71%         4
 Passage of Golubria      Tloc           9%         N/A       71%         4
 Summon Forest            Summ/Tloc      4%         N/A       96%         5
 Summon Mana Viper        Hex/Summ       9%         N/A       96%         5
 Yara's Violent Unravell  Hex/Tmut       4%         3d4       96%         5
 Summon Cactus Giant      Summ           4%         N/A       100%        6
 Enfeeble                 Hex            4%         N/A       100%        7


Dungeon Overview and Level Annotations

Branches:
Dungeon (8/15)             Temple (0/1) D:5
   Lair: D:8-11

Altars:
Gozag
Makhleb
Uskayaw
Vehumet

Shops:
D:2 *


Innate Abilities, Weirdness & Mutations

You are mostly covered in molten scales. (AC +3)
A demonic guardian rushes to your aid.
Your touch may inflict irresistible damage on your foes.


Message History

You kill the acid dragon!
Makhleb accepts your kill.
You feel better.
Your Long Blades skill increases to level 7!
No target in view!
No target in view!
You see here an acid dragon corpse.
Found a stone staircase leading down.
e - 4 potions of mutation (gained 1)
B - a silvery potion
There is a stone staircase leading down here.
e - 5 potions of mutation (gained 1)
K - a wand of roots (9)
A troll comes into view.
A troll is nearby!
A troll is nearby!
A troll is nearby!
A troll is nearby!
You completely miss the troll. The troll bites you but does no damage.
The troll barely misses you. x2
You completely miss the troll. The troll closely misses you.
The troll claws you! x2; The troll bites you.
The troll closely misses you. The troll claws you.
You closely miss the troll. The troll bites you! The troll claws you!
The troll misses you. The troll attacks as it pursues you! The troll bites you.
* * * LOW HITPOINT WARNING * * *
The troll misses you. The troll claws you.
* * * LOW HITPOINT WARNING * * *
Aiming: Kiss of Death (safe; 2% risk of failure)
Press: ? - help, Q - select action, (/) - cycle Shift-Dir - straight line, f - troll
Aim: a troll (100% to hit)
You feel a surge of power!
The negative energy hits the troll!
The troll is drained!
The troll is moderately wounded.
You feel drained. The troll bites you!
* * * LOW HITPOINT WARNING * * *
A demonic guardian appears!
The troll barely misses you. The troll claws you!
You die...

#.......#.#.#########.#
####.####.#.#
..#.....### #.# #.#.#
#.......... #.####†#.#
#.......... #...##.#.#
#.......... ###.##...#
........... #..#####
#<......... ##.##
###########
###4@######## ## ####
#...$T....... ..##...
#............ ......
#....~...~~.. #....
#...~~.~.≈~~~ #...
#..~≈~.~.~≈≈≈ #...
#..~≈≈≈~.~≈≈~ #..)
#..~~≈≈~.~≈~. #.#.
#...≈≈≈≈.≈≈≈≈ #...


You could see a troll (drained, ally target) and a friendly hellwing (summoned).

Vanquished Creatures
  Pikel (D:5)
  A vampire (D:6)
  An acid dragon (D:8)
  A water moccasin (D:6)
  3 ice beasts (D:6)
  An ogre (D:6)
  A black bear (D:7)
  3 phantoms
  A kobold brigand (D:7)
  Blork the orc (D:5)
  A bullfrog (D:7)
  3 wights (D:7)
  A howler monkey (D:6)
  3 hounds
  An orc priest (D:6)
  3 jellies
  Ijyb (D:3)
  6 iguanas
  2 orc wizards
  4 gnolls (D:3)
  9 adders
  A shadow imp (D:6)
  An ufetubus (D:5)
  2 worms
  2 dart slugs (D:1)
  16 orcs
  2 bats (D:1)
  2 endoplasms
  2 giant cockroaches
  10 goblins
  10 hobgoblins
  4 jackals (D:4)
  4 quokkas
  8 ball pythons
  2 frilled lizards
  9 kobolds
  6 rats
129 creatures vanquished.

Vanquished Creatures (collateral kills)
  The ghost of wormstring the Skirmisher, a novice TeHu (D:6)
  The ghost of turgid the Digger, a novice OpEE of Gozag (D:6)
  The ghost of javelincjr the Sneak, a novice OpCj (D:6)
  A troll (D:6)
  A water moccasin (D:7)
  An ogre (D:6)
  2 lemures (D:5)
  A wight (D:7)
  3 orc wizards
  An adder (D:6)
  An ufetubus (D:6)
  A worm (D:3)
  6 orcs
  A quokka (D:5)
  A ball python (D:3)
  2 frilled lizards (D:3)
25 creatures vanquished.

Grand Total: 154 creatures vanquished

Notes
Turn   | Place    | Note
-------+----------+-------------------------------------------
     0 | D:1      | Duck the Demonspawn Reaver began the quest for the Orb.
     0 | D:1      | Reached XP level 1. HP: 16/16 MP: 3/3
   163 | D:1      | Gained mutation: You are partially covered in molten
                  | scales. (AC +2) [demonic ancestry]
   163 | D:1      | Reached XP level 2. HP: 3/22 MP: 5/5
   881 | D:1      | Found a faded altar of an unknown god.
  1328 | D:1      | Reached XP level 3. HP: 27/27 MP: 6/6
  1359 | D:1      | Learned a level 2 spell: Momentum Strike
  1468 | D:2      | Found Zaci Hio's Assorted Antiques.
  1670 | D:2      | Reached skill level 1 in Armour
  2415 | D:3      | Found a hide-covered altar of Uskayaw.
  2464 | D:3      | Found a radiant altar of Vehumet.
  2525 | D:3      | Gained mutation: A weak demonic guardian rushes to your
                  | aid. [demonic ancestry]
  2525 | D:3      | Reached XP level 4. HP: 23/34 MP: 7/7
  2894 | D:3      | Gained mutation: Your touch may inflict minor irresistible
                  | damage on your foes. [demonic ancestry]
  2894 | D:3      | Reached XP level 5. HP: 24/39 MP: 8/8
  3026 | D:3      | Noticed Ijyb
  3060 | D:3      | Killed Ijyb
  3352 | D:3      | Found a burning altar of Makhleb.
  3376 | D:3      | Became a worshipper of Makhleb the Destroyer
  4104 | D:4      | Gained mutation: A demonic guardian rushes to your aid.
                  | [demonic ancestry]
  4104 | D:4      | Reached XP level 6. HP: 27/46 MP: 10/10
  4638 | D:5      | Entered Level 5 of the Dungeon
  4655 | D:5      | Found a staircase to the Ecumenical Temple.
  4661 | D:5      | Learned a level 1 spell: Freeze
  4722 | D:5      | Noticed an ice beast
  4749 | D:6      | Killed an ice beast
  4757 | D:6      | Noticed an ice beast
  4763 | D:6      | Killed an ice beast
  4764 | D:6      | Reached skill level 5 in Conjurations
  4768 | D:6      | Reached XP level 7. HP: 22/51 MP: 10/12
  4874 | D:6      | Noticed a vampire
  4890 | D:6      | Killed a vampire
  4927 | D:5      | Reached * piety under Makhleb
  5000 | D:5      | Noticed Blork the orc
  5013 | D:5      | Killed Blork the orc
  5168 | D:5      | Noticed Pikel
  5207 | D:5      | Killed Pikel
  5208 | D:5      | Reached skill level 5 in Long Blades
  5208 | D:5      | Reached skill level 5 in Spellcasting
  5208 | D:5      | Gained mutation: You are mostly covered in molten scales.
                  | (AC +3) [demonic ancestry]
  5208 | D:5      | Reached XP level 8. HP: 30/57 MP: 10/16
  6048 | D:6      | Noticed a troll
  6053 | D:6      | Killed a troll
  6054 | D:6      | Reached skill level 1 in Ice Magic
  6054 | D:6      | Gained mutation: Your touch may inflict irresistible damage
                  | on your foes. [demonic ancestry]
  6054 | D:6      | Reached XP level 9. HP: 32/62 MP: 18/18
  6235 | D:6      | Found a runed translucent gate.
  6235 | D:6      | Found a runed translucent gate.
  6236 | D:6      | Found a runed translucent gate.
  6240 | D:6      | Noticed javelincjr's ghost (novice OpCj)
  6240 | D:6      | Noticed wormstring's ghost (novice TeHu)
  6240 | D:6      | Noticed turgid's ghost (novice OpEE)
  6305 | D:6      | Reached ** piety under Makhleb
  6586 | D:6      | Found an opulent altar of Gozag.
  6593 | D:6      | Identified the +1 robe of the Disturbing Songs {+Blink rC-
                  | Str+2 Archmagi}
  6620 | D:6      | Learned a level 3 spell: Hailstorm
  7250 | D:6      | Killed javelincjr's ghost
  7257 | D:6      | Killed wormstring's ghost
  7260 | D:6      | Killed turgid's ghost
  7261 | D:6      | Reached skill level 5 in Armour
  8195 | D:7      | Reached *** piety under Makhleb
  8196 | D:7      | Reached XP level 10. HP: 61/68 MP: 21/21
  8639 | D:8      | HP: 2/58 [troll (12)]
  8639 | D:8      | Slain by a troll

Illustrated notes

Levels and vault maps discovered:
D:1:      minmay_arrival_three_doors, layout_loops_ring,
          hellmonk_ecumenical_altar_arch_garden, hangedman_feature_mirror
D:2:      layout_basic, serial_shops, nicolae_shop_hallway_plus,
          minmay_pentomino_s2
D:3:      layout_loops_ring, nicolae_uskayaw_murder_on_the_dancefloor,
          fiery_altar_vehumet, nicolae_overflow_two_pavilions, uniq_ijyb
D:4:      layout_basic
D:5:      layout_basic, temple_statues, dk_noncrumbling_3, corner_web_ring,
          uniq_pikel, uniq_blork_the_orc
D:6:      layout_basic, mainiacjoe_overflow_boulevard, gammafunk_ghost_cemetery,
          minmay_manual_mail
D:7:      layout_basic, amethyst_killhole
D:8:      layout_basic, erik_lair_island, hangedman_decor_push,
          doesnt_shop_hydraphobe

Skill      XL: |  1  2  3  4  5  6  7  8  9 10 |
---------------+-------------------------------+-----
Long Blades    | 3 4 5 6 7 |  7.1
Armour         | 1 2 3 4 5 |  5.2
Conjurations   | 4 5 6 7 |  7.0
Spellcasting   | 3 5 6 7 |  7.7
Ice Magic      | 1 3 |  3.3
Fighting       | |  2.4
Dodging        | |  1.7

Action                     |  1- 3 |  4- 6 |  7- 9 | 10-12 || total
---------------------------+-------+-------+-------+-------++-------
  Melee: Falchion          |   150 |   100 |   161 |       ||   411
         Unarmed           |       |    20 |       |       ||    20
         Touch             |       |     9 |     2 |       ||    11
         Great sword       |       |       |    57 |    23 ||    80
   Cast: Kiss of Death     |     1 |       |     1 |     1 ||     3
         Momentum Strike   |       |       |     4 |       ||     4
         Freeze            |       |       |     3 |       ||     3
         Hailstorm         |       |       |     2 |       ||     2
Ability: Evoke Blink       |       |       |     1 |       ||     1
  Evoke: Wand              |       |     2 |       |       ||     2
    Use: Potion            |       |       |     6 |       ||     6
         Scroll            |       |       |     9 |       ||     9
 Armour: Leather armour    |    45 |       |       |       ||    45
         Ring mail         |    12 |    72 |    95 |       ||   179
         Skin              |       |     3 |       |       ||     3
         Robe              |       |       |    68 |    11 ||    79
  Dodge: Dodged            |    99 |   102 |   201 |    18 ||   420

Table legend: (Time is in decaauts)
 A = Elapsed time spent in this place.
 B = Non-inter-level travel time spent in this place.
 C = Inter-level travel time spent in this place.
 D = Time resting spent in this place.
 E = Time spent auto-exploring this place.
 F = Levels seen in this place.
 G = Mean time per level.
                   A        B        C        D        E       F      G
               +--------+--------+--------+--------+--------+-----+--------+
         Total |   8860 |   8479 |    381 |   2123 |   4739 |   8 | 1107.5 |
       Dungeon |   8860 |   8479 |    381 |   2123 |   4739 |   8 | 1107.5 |
               +--------+--------+--------+--------+--------+-----+--------+

Top non-repeatable levels by time:
     D:6: 1666 daAuts
     D:1: 1476 daAuts
     D:3: 1272 daAuts
     D:5: 1200 daAuts
     D:4: 1093 daAuts
     D:7: 1050 daAuts
     D:2: 888 daAuts
     D:8: 213 daAuts
